 Dungeon Crawl Stone Soup version 0.21.1-68-g103a7af (webtiles) character file.

89 meralisa the Ruffian (level 4, -6/38 HPs)
             Began as a Naga Transmuter on Aug 1, 2018.
             Was an Initiate of Dithmenos.
             Killed by nerve-wracking pain
             ... invoked by Grinder
              (12 damage)
             ... while paralysed by Grinder
             ... on level 3 of the Dungeon.
             The game lasted 00:29:11 (2860 turns).

meralisa the Ruffian (Naga Transmuter)              Turns: 2860, Time: 00:29:12

Health: -6/38      AC:  2    Str: 13    XL:     4   Next: 55%
Magic:  2/8        EV:  5    Int: 14    God:    Dithmenos [......]
Gold:   110        SH:  0    Dex: 16    Spells: 2/8 levels left

rFire    + . .     SeeInvis +     - Unarmed
rCold    x . .     Gourm    .   (shield currently unavailable)
rNeg     . . .     Faith    .   (armour currently unavailable)
rPois    x         Spirit   .   (helmet currently unavailable)
rElec    .         Reflect  .   (cloak currently unavailable)
rCorr    .         Harm     +   (gloves currently unavailable)
MR       .....                  (no barding)
Stlth    ++........             u - amulet of harm
HPRegen  0.12/turn              r - ring of fire
MPRegen  0.11/turn              (no ring)

@: paralysed, spider-form (expiring), very slightly contaminated
A: tiny, see invisible, slow metabolism 1, spit poison 1, AC +1
a: Spit Poison, End Transformation, Renounce Religion


You were on level 3 of the Dungeon.
You worshipped Dithmenos.
Dithmenos was noncommittal.
You were very hungry.
You were a venomous arachnid creature.
You visited 1 branch of the dungeon, and saw 3 of its levels.

You collected 110 gold pieces.

Inventory:

Hand Weapons
 f - a +0 spear
 i - a +3 dagger
Missiles
 a - 17 arrows
 g - 74 stones (quivered)
 j - 34 poisoned needles
 k - 20 bolts
 p - 33 sling bullets
Armour
 b - a +0 robe (melded)
 e - a +0 cloak (melded)
 h - a +0 pair of boots
 q - a +0 leather armour
 v - a cursed +0 buckler (melded)
Jewellery
 r - a ring of fire (left front leg)
 u - an amulet of harm (around neck)
Scrolls
 l - a scroll of magic mapping {unknown}
 n - a scroll of fear {unknown}
 s - a scroll of remove curse
Potions
 m - a potion of curing {unknown}
 o - a potion of agility {unknown}
 t - a potion of flight {unknown}
Books
 c - a book of Changes

   Spells                             Type                      Level
   a - Beastly Appendage              Transmutation                1
   b - Sticks to Snakes               Transmutation                2
   c - Spider Form                    Transmutation/Poison         3
   d - Ice Form                       Ice/Transmutation            4
   e - Blade Hands                    Transmutation                5
Comestibles
 d - 2 rations


   Skills:
 + Level 1.1 Fighting
 + Level 2.0 Dodging
 - Level 0.1 Stealth
 + Level 4.0 Unarmed Combat
 + Level 2.7 Spellcasting
 * Level 2.6 Transmutations


You had 2 spell levels left.
You knew the following spells:

 Your Spells              Type           Power        Failure   Level  Hunger
a - Beastly Appendage     Tmut           #.....       21%         1    #......
b - Sticks to Snakes      Tmut           #.......     26%         2    ###....
c - Spider Form           Tmut/Pois      #.........   58%         3    ###....


Dungeon Overview and Level Annotations

Branches:
Dungeon (3/15)

Altars:
Dithmenos
Trog

Portals:
Sewer: D:3

Annotations:
D:3 Grinder


Innate Abilities, Weirdness & Mutations

You cannot wear boots.
((Your serpentine skin is tough. (AC +1)))
You have supernaturally acute eyesight. (SInv)
((Armour fits poorly on your strangely shaped body.))
((Your system is resistant to poisons. (rPois)))
((You cover ground very slowly.))
You have a slow metabolism.
You can spit poison.


Message History

Grinder gestures at you. Pain shoots through your body!
* * * LOW HITPOINT WARNING * * *
The quokka misses you.
You hit the quokka but do no damage.
The quokka looks even sicker.
Your transformation is almost over.
The quokka bites you but does no damage.
You hit the quokka.
You kill the quokka!
Dithmenos accepts your kill.
You hit Grinder.
Grinder is lightly wounded.
You hit Grinder.
Grinder is moderately wounded.
Grinder grins, showing sharp teeth.
Grinder gestures at you.
You suddenly lose the ability to move!
Grinder gestures at you. Pain shoots through your body!
You die...

............# #.#
............# #.#
............# #.#
............# #.#
#†.......##.# #.#
#[####.#.# #.#
...#.#.#.# .###.########
.....#.#.##.##..†......#
.....#.#..#.##..s5.....#
.......##†#.##.........#
.<..#####...##.........#
..#.# #.......########
....# #...##...#
#########...##...#
.........#..#...#
.........#..#...#
......#.###.#...#


You could see Grinder.

Vanquished Creatures
  4 adders
  A dart slug (D:1)
  4 leopard geckos
  An orc (D:3)
  A ball python (D:2)
  4 giant cockroaches
  5 goblins
  9 hobgoblins
  3 kobolds
  2 quokkas
  6 bats
  3 frilled lizards
  6 rats
49 creatures vanquished.

Vanquished Creatures (collateral kills)
  A worm (D:3)
  A dart slug (D:2)
  A giant cockroach (D:3)
  A goblin (D:2)
4 creatures vanquished.

Grand Total: 53 creatures vanquished

Notes
Turn   | Place    | Note
-------+----------+-------------------------------------------
     0 | D:1      | meralisa the Naga Transmuter began the quest for the Orb.
     0 | D:1      | Reached XP level 1. HP: 18/18 MP: 3/3
   294 | D:1      | Reached XP level 2. HP: 15/25 MP: 5/5
   881 | D:1      | Learned a level 2 spell: Sticks to Snakes
  1042 | D:1      | Reached XP level 3. HP: 29/31 MP: 6/6
  1670 | D:2      | Found a shadowy altar of Dithmenos.
  1684 | D:2      | Became a worshipper of Dithmenos the Shadowed
  1846 | D:2      | Found a bloodstained altar of Trog.
  1874 | D:2      | Reached XP level 4. HP: 26/38 MP: 5/7
  1989 | D:2      | Reached skill level 4 in Unarmed Combat
  2262 | D:2      | Learned a level 3 spell: Spider Form
  2616 | D:3      | Found a glowing drain.
  2840 | D:3      | Noticed Grinder
  2859 | D:3      | Paralysed by Grinder for 3 turns
  2860 | D:3      | Killed from afar by Grinder

Skill      XL: |  1  2  3  4 |
---------------+-------------+-----
Unarmed Combat | 4 |  4.0
Dodging        | 2 |  2.0
Fighting       | |  1.1
Stealth        | |  0.1
Spellcasting   | |  2.7
Transmutations | |  2.6

Action                   |  1- 3 |  4- 6 || total
-------------------------+-------+-------++-------
Melee: Unarmed           |    70 |    37 ||   107
       Headbutt          |     5 |     3 ||     8
Throw: Stone             |       |     1 ||     1
 Cast: Beastly Appendage |     9 |     4 ||    13
       Sticks to Snakes  |     3 |    14 ||    17
       Spider Form       |       |     1 ||     1
 Abil: Spit Poison       |    23 |     7 ||    30
  Use: Scroll            |     2 |     1 ||     3
  Eat: Chunk             |     4 |     3 ||     7
Armor: Robe              |    37 |     8 ||    45
       Skin              |       |     1 ||     1
Dodge: Dodged            |    52 |    23 ||    75
Block: Buckler           |       |     1 ||     1
